 Dungeon Crawl Stone Soup version 0.16-a0-1009-g0339a9e (webtiles) character file.

39554 Bubba the Basher (level 14, -32/73 HPs)
             Began as a Gargoyle Fighter on Oct 3, 2014.
             Was an Elder of the Shining One.
             Annihilated by an azure jelly (36 damage)
             ... on Level 8 of the Lair of Beasts.
             The game lasted 01:46:26 (14118 turns).

Bubba the Basher (Gargoyle Fighter)                Turns: 14118, Time: 01:46:26

HP -32/73        AC 15     Str 27      XL: 14   Next:  7%
MP  24/24        EV  6     Int 11      God: the Shining One [****..]
Gold 902         SH 15     Dex 18      Spells:  0 memorised, 13 levels left

rFire  . . .     SeeInvis .     A - +5 broad axe (elec)
rCold  . . .     Clarity  .     S - +0 plate armour
rNeg   + + +     rCorr    .     c - +2 shield
rPois  +         rRot     +     e - +2 helmet {Int+3}
rElec  +         Spirit   .     p - +1 cloak
SustAb .         Warding  .     B - +0 pair of gloves
rMut   .         Stasis   .     V - +0 pair of boots
Gourm  .                        P - amulet of faith
MR     +....                    g - +2 ring of dexterity
                                D - +3 ring of dexterity

@: mighty, corroded equipment, glowing, somewhat resistant to hostile
enchantments, extremely unstealthy
A: able to fly continuously, big wings, frail 2, negative energy resistance 1,
electricity resistance, unbreathing, petrification resistance, rot immunity, AC
+9
a: Fly, Divine Shield, Cleansing Flame, Renounce Religion


You were on level 8 of the Lair of Beasts.
You worshipped the Shining One.
The Shining One was greatly pleased with you.
You were not hungry.

You visited 3 branches of the dungeon, and saw 18 of its levels.

You collected 902 gold pieces.

Inventory:

Hand weapons
 a - a +3 flail
 A - a +5 broad axe of electrocution (weapon)
 I - a +0 hand crossbow
 Q - a +1 morningstar of holy wrath
Missiles
 t - 10 tomahawks (quivered)
 J - 29 bolts
Armour
 c - a +2 shield (worn)
 e - a +2 helmet of intelligence (worn)
 o - a +2 robe of cold resistance
 p - a +1 cloak (worn)
 B - a +0 pair of gloves (worn)
 C - a +0 pair of gloves
 R - the +4 leather armour of Henotheism {rF++ Curse}
   (You found it on level 6 of the Lair of Beasts)

   It greatly protects you from fire.
   It may recurse itself when equipped.
 S - a +0 plate armour (worn)
 V - a +0 pair of boots (worn)
Magical devices
 h - a wand of lightning (1) {unknown}
 m - a wand of fireball (1)
 H - a wand of enslavement (8) {unknown}
 K - a wand of frost (13)
Comestibles
 d - 11 bread rations
 r - 7 beef jerkies
 w - 6 meat rations
 O - 2 fruits
Scrolls
 i - 2 scrolls of amnesia
 l - 8 scrolls of identify
 v - 4 scrolls of teleportation
 y - 6 scrolls of remove curse
 z - 3 scrolls of recharging
 E - a scroll of fear
 W - a scroll of magic mapping
 X - a scroll of blinking
Jewellery
 g - a +2 ring of dexterity (right hand)
 n - an uncursed ring of teleportation
 q - an uncursed ring of protection from magic
 x - an uncursed amulet of stasis
 D - a +3 ring of dexterity (left hand)
 F - an uncursed ring of sustain abilities
 P - an amulet of faith (around neck)
 U - an uncursed ring of protection from fire
Potions
 f - 6 potions of curing
 j - 2 potions of brilliance
 k - 3 potions of agility
 L - a potion of restore abilities
Books
 s - a book of Summonings

   Spells                             Type                      Level
   Abjuration                         Summoning                    3
   Recall                             Summoning/Translocation      3
   Shadow Creatures                   Summoning                    5
   Summon Demon                       Summoning                    5
   Summon Forest                      Summoning/Translocation      5
   Monstrous Menagerie                Summoning                    6
 u - a book of the Tempests

   Spells                             Type                      Level
   Static Discharge                   Conjuration/Air              3
   Lightning Bolt                     Conjuration/Air              5
   Fireball                           Conjuration/Fire             5
   Tornado                            Air                          9
   Shatter                            Earth                        9
 M - a tome of Destruction
 N - a book of Clouds

   Spells                             Type                      Level
   Mephitic Cloud                     Conjuration/Poison/Air       3
   Conjure Flame                      Conjuration/Fire             3
   Poisonous Cloud                    Conjuration/Poison/Air       6
   Freezing Cloud                     Conjuration/Ice/Air          6
   Ring of Flames                     Charms/Fire                  7
 T - a book of Unlife

   Spells                             Type                      Level
   Recall                             Summoning/Translocation      3
   Animate Dead                       Necromancy                   4
   Control Undead                     Necromancy                   4
   Twisted Resurrection               Necromancy                   5
   Death Channel                      Necromancy                   6
   Simulacrum                         Ice/Necromancy               6
   The Shining One opposes the use of such an evil item.
Miscellaneous
 G - a lamp of fire


   Skills:
 + Level 12.0 Fighting
 * Level 10.7(13.3) Axes
 - Level 14.1(15.6) Maces & Flails
 - Level 6.0 Armour
 - Level 9.1 Shields
 * Level 6.4 Invocations
 - Level 1.8 Evocations


You had 13 spell levels left.
You didn't know any spells.

Dungeon Overview and Level Annotations

Branches:
Dungeon (9/15)             Temple (1/1) D:5             Orc (0/4) D:9
   Lair (8/8) D:9           Swamp (0/5) Lair:6        Snake (0/5) Lair:5
  Slime (0/6) Lair:7

Altars:
Ashenzari
Cheibriados
Dithmenos
Elyvilon
Fedhas
Gozag
Kikubaaqudgha
Makhleb
Nemelex Xobeh
Okawaru
Qazlal
Ru
Sif Muna
Trog
Vehumet
Xom
Yredelemnul
Zin
The Shining One


Innate Abilities, Weirdness & Mutations

You are resistant to torment.
You are immune to poison.
You can fly continuously.
Your stone body is very resilient (AC +9).
Your wings are large and strong.
You resist negative energy.
You are resistant to electric shocks.
You can survive without breathing.
You are immune to petrification.
You are immune to rotting.
You are very frail (-20% HP).


Message History

The azure jelly is heavily wounded.
The azure jelly hits you but does no damage.
You block the azure jelly's attack. x2
The azure jelly hits you but does no damage.
You hit the azure jelly.
The azure jelly is severely wounded.
You block the azure jelly's attack. The azure jelly hits you.
The azure jelly freezes you!! You block the azure jelly's attack.
The azure jelly hits you.
You hit the azure jelly.
The azure jelly is severely wounded.
The azure jelly hits you. The azure jelly freezes you!!
* * * LOW HITPOINT WARNING * * *
The azure jelly hits you but does no damage.
You block the azure jelly's attack.
The azure jelly hits you but does no damage.
The azure jelly hits you.
* * * LOW HITPOINT WARNING * * *
The azure jelly freezes you!!!
You die...

#####.P.############..
##### ##### #.#.
##.####...## #...
#..........# ##..
##........## #..
#########..P## ##.
#.#JJ...#....###..
###.JJJ# #..#.P##..
#..@# #..P.P.#..
##...#######...P.....
#....................
....................P...
......PP...#.#.......P.#
......PP.P.##.........##
......PP...##.#......#
.....#P..######......##
......P..#P#.#PP......#


You could see an azure jelly, 2 oozes and 2 jellies.

Vanquished Creatures
  An acid blob (Lair:8)
  Maud (Lair:3)
  6 hydras
  3 death yaks (Lair:5)
  2 lindwurms (Lair:8)
  A shining eye (Lair:7)
  3 griffons
  7 elephants
  4 black mambas
  11 spiny frogs
  A torpor snail (Lair:8)
  Psyche (D:8)
  8 komodo dragons
  Grinder (D:6)
  3 fire drakes
  A polar bear (Lair:7)
  2 two-headed ogres (D:8)
  A boulder beetle (Lair:8)
  3 basilisks
  A wyvern (Lair:8)
  10 blink frogs
  30 yaks
  Eustachio (D:6)
  6 hippogriffs
  3 wolves (Lair:3)
  A steam dragon (Lair:8)
  4 nagas (Lair:5)
  A swamp drake (Lair:8)
  11 porcupines
  A sky beast (D:5)
  13 water moccasins
  6 centaurs
  A yellow wasp (D:9)
  A black bear (Lair:2)
  2 necrophages
  5 ogres
  2 boring beetles
  4 orc warriors
  11 crocodiles
  18 giant frogs
  A scorpion (D:7)
  8 hounds
  A quasit (D:7)
  2 orc wizards
  An orc priest (D:6)
  5 jellies
  10 worker ants
  A centaur skeleton (D:8)
  5 iguanas
  6 sheep (Lair:5)
  A sky beast zombie (D:9)
  A big kobold skeleton (D:9)
  A hound skeleton (D:5)
  An orc zombie (D:8)
  A scorpion zombie (D:6)
  4 gnolls (D:6)
  A worker ant zombie (D:6)
  27 adders
  57 green rats
  3 shadow imps
  3 giant mites
  2 worms (D:2)
  An iguana skeleton (D:7)
  5 giant geckos
  2 oozes (Lair:8)
  29 orcs
  A bat skeleton (D:6)
  14 hobgoblins
  19 jackals
  7 quokkas
  2 ball pythons
  7 bats
  4 giant cockroaches
  5 giant newts
  A giant spore (D:6)
  12 goblins
  A hobgoblin skeleton (D:4)
  A hobgoblin zombie (D:8)
  11 kobolds
  2 orc skeletons
  18 rats
  A rat skeleton (D:8)
  3 ballistomycetes (D:6)
  3 fungi
  2 plants
485 creatures vanquished.

Vanquished Creatures (others)
  A centaur (D:6)
  2 fungi (Lair:8)
3 creatures vanquished.

Grand Total: 488 creatures vanquished

Notes
Turn   | Place    | Note
--------------------------------------------------------------
     0 | D:1      | Bubba, the Gargoyle Fighter, began the quest for the Orb.
     0 | D:1      | Reached XP level 1. HP: 14/14 MP: 1/1
   347 | D:1      | Reached XP level 2. HP: 14/19 MP: 2/2
   838 | D:1      | Reached XP level 3. HP: 23/23 MP: 3/3
  1230 | D:2      | Reached skill level 4 in Shields
  1292 | D:2      | Reached XP level 4. HP: 14/29 MP: 4/4
  1428 | D:2      | Found a stormy altar of Qazlal.
  1467 | D:2      | Found a white marble altar of Elyvilon.
  1540 | D:2      | Found a shadowy altar of Dithmenos.
  1545 | D:2      | Found a glowing golden altar of the Shining One.
  1966 | D:2      | Became a worshipper of the Shining One
  2175 | D:3      | Gained mutation: Your natural rate of healing is unusually fast. [potion of beneficial mutation]
  2208 | D:3      | Reached XP level 5. HP: 33/33 MP: 5/5
  2954 | D:4      | Reached skill level 5 in Shields
  2978 | D:4      | Noticed an ogre
  3012 | D:4      | Killed an ogre
  3012 | D:4      | Reached XP level 6. HP: 16/39 MP: 6/6
  3328 | D:4      | Reached skill level 5 in Maces & Flails
  3389 | D:4      | Reached XP level 7. HP: 44/44 MP: 7/7
  3697 | D:5      | Entered Level 5 of the Dungeon
  3829 | D:5      | Reached skill level 5 in Fighting
  3829 | D:5      | Reached skill level 6 in Shields
  3972 | D:5      | Acquired the Shining One's first power
  4156 | D:5      | Found a staircase to the Ecumenical Temple.
  4162 | Temple   | Entered the Ecumenical Temple
  4488 | D:5      | Gained mutation: Potions and wands are less effective at restoring your health. [mutagenic meat]
  4489 | D:5      | Gained mutation: You have sharp fingernails. [mutagenic meat]
  4523 | D:6      | Reached XP level 8. HP: 46/49 MP: 8/8
  4615 | D:6      | Noticed Eustachio
  4641 | D:6      | Killed Eustachio
  4769 | D:6      | Found a glowing golden altar of the Shining One.
  4794 | D:6      | Reached skill level 7 in Maces & Flails
  4805 | D:6      | Noticed Grinder
  4843 | D:6      | Killed Grinder
  5421 | D:7      | Reached skill level 8 in Maces & Flails
  5427 | D:7      | Found an iron altar of Okawaru.
  5527 | D:7      | Reached XP level 9. HP: 55/55 MP: 9/9
  6283 | D:8      | Reached skill level 9 in Maces & Flails
  6460 | D:8      | Noticed Psyche
  6565 | D:8      | Killed Psyche
  6565 | D:8      | Reached skill level 10 in Maces & Flails
  6565 | D:8      | Reached skill level 1 in Evocations
  6638 | D:8      | Found a glowing golden altar of the Shining One.
  6745 | D:9      | Found a staircase to the Orcish Mines.
  6763 | D:9      | Reached XP level 10. HP: 49/61 MP: 12/12
  7017 | D:9      | Found a staircase to the Lair.
  7017 | D:9      | Noticed a fire drake
  7017 | D:9      | Acquired the Shining One's second power
  7031 | D:9      | Killed a fire drake
  7502 | Lair:1   | Entered Level 1 of the Lair of Beasts
  7507 | Lair:1   | Reached skill level 11 in Maces & Flails
  7763 | Lair:1   | Reached skill level 12 in Maces & Flails
  7965 | Lair:1   | Reached XP level 11. HP: 65/68 MP: 14/14
  8422 | Lair:2   | Reached skill level 13 in Maces & Flails
  8612 | Lair:2   | Reached skill level 5 in Armour
  9296 | Lair:3   | Noticed Maud
  9309 | Lair:3   | Killed Maud
  9475 | Lair:3   | Reached skill level 14 in Maces & Flails
  9528 | Lair:3   | Identified a scroll of acquirement
  9550 | Lair:3   | Reached XP level 12. HP: 76/76 MP: 15/15
  9570 | Lair:3   | Reached skill level 1 in Invocations
  9807 | Lair:3   | Reached skill level 1 in Axes
 10765 | Lair:5   | Found a staircase to the Snake Pit.
 10766 | Lair:5   | Noticed a death yak
 10768 | Lair:5   | Noticed a death yak
 10768 | Lair:5   | Noticed a death yak
 10778 | Lair:5   | Killed a death yak
 10778 | Lair:5   | Reached skill level 10 in Fighting
 10778 | Lair:5   | Killed a death yak
 10780 | Lair:5   | Killed a death yak
 10780 | Lair:5   | Reached skill level 5 in Axes
 11452 | Lair:6   | Found a staircase to the Swamp.
 11555 | Lair:6   | Got an ichor-stained leather armour
 11556 | Lair:6   | Identified the +4 leather armour of Henotheism {rF++ Curse} (You found it on level 6 of the Lair of Beasts)
 11620 | Lair:6   | Reached XP level 13. HP: 80/83 MP: 21/21
 11801 | Lair:6   | Found a shimmering altar of Xom.
 12620 | Lair:7   | Reached skill level 5 in Invocations
 12715 | Lair:7   | Gained mutation: You are frail (-10% HP). [a shining eye]
 12716 | Lair:7   | Gained mutation: Your vision is a little blurry. [a shining eye]
 12718 | Lair:7   | Gained mutation: Your spells are a little easier to cast, but a little less powerful. [a shining eye]
 12719 | Lair:7   | Gained mutation: You are very frail (-20% HP). [a shining eye]
 12724 | Lair:7   | Lost mutation: Potions and wands are less effective at restoring your health. [potion of cure mutation]
 12724 | Lair:7   | Lost mutation: You have sharp fingernails. [potion of cure mutation]
 12724 | Lair:7   | Lost mutation: Your spells are a little easier to cast, but a little less powerful. [potion of cure mutation]
 12724 | Lair:7   | Lost mutation: Your vision is a little blurry. [potion of cure mutation]
 12724 | Lair:7   | Lost mutation: Your natural rate of healing is unusually fast. [potion of cure mutation]
 12740 | Lair:7   | Found a staircase to the Slime Pits.
 13064 | Lair:8   | Entered Level 8 of the Lair of Beasts
 13138 | Lair:8   | Acquired the Shining One's third power
 13334 | Lair:8   | Reached skill level 10 in Axes
 13561 | Lair:8   | Noticed a reaper
 14098 | Lair:8   | Noticed an azure jelly
 14098 | Lair:8   | Noticed an acid blob
 14111 | Lair:8   | Killed an acid blob
 14111 | Lair:8   | Gained mutation: Your wings are large and strong. [gargoyle growth]
 14111 | Lair:8   | Reached XP level 14. HP: 67/73 MP: 24/24
 14118 | Lair:8   | Annihilated by an azure jelly

Action                   |  1- 3 |  4- 6 |  7- 9 | 10-12 | 13-15 || total
-------------------------+-------+-------+-------+-------+-------++-------
Melee: Flail             |   182 |   208 |   395 |   399 |    38 ||  1222
       Morningstar       |       |       |       |    51 |     9 ||    60
       Broad axe         |       |       |       |   172 |   240 ||   412
 Fire: Hand crossbow     |       |       |     2 |       |       ||     2
Throw: Tomahawk          |       |       |     4 |     3 |       ||     7
       Throwing net      |       |       |     3 |       |       ||     3
Invok: Divine Shield     |       |       |       |       |     1 ||     1
Evoke: Wand              |       |       |    12 |       |       ||    12
       tome              |       |       |       |     1 |       ||     1
  Use: Scroll            |       |    10 |     6 |    11 |     4 ||    31
       Potion            |       |     8 |     4 |     9 |     4 ||    25
 Stab: Confused          |       |       |       |       |     2 ||     2
  Eat: Chunk             |     2 |     5 |    13 |     8 |     1 ||    29
       Pizza             |       |     1 |       |     1 |     1 ||     3
       Beef jerky        |       |       |     1 |       |       ||     1
       Fruit             |       |       |       |     9 |     6 ||    15
